AoeStats
← serhatdogansurucu

Arena

510482827Analyzed
1v1 RM · 23h ago on Oct 1, 2026· 99m 4s· 2 players
Game mode
Random Map
Map size
Tiny (2 player)
Population
200
Speed
Normal
Resources
Standard
Victory
Conquest
Starting age
Dark Age
Ending age
Imperial Age
RankedLock teamsTeams togetherTeam positionsShared explorationLock speedFull tech treeHidden civsTurbo modeCheats
Victory
Defeat
🇹🇷 Bohemians · Türkiye
733
+13
🇺🇸 Portuguese · United States
661
-13
BlancoMano4
11:53 Feudal Age
12:27 Double-Bit Axe
16:10 Castle Age
14:21 Horse Collar
14:44 Stone Mining
16:17 Gold Mining
17:18 Bow Saw
18:09 Heavy Plow
20:30 Pikeman
22:07 Wheelbarrow
32:17 Imperial Age
30:26 Hand Cart
30:01 Gambesons
29:37 Man-at-Arms
30:04 Arson
30:54 Ballistics
30:30 Murder Holes
30:41 Scale Mail Armor
31:34 Heated Shot
31:57 Masonry
31:59 Fortified Wall
32:14 Treadmill Crane
33:07 Forging
33:12 Chain Mail Armor
33:03 Scale Barding Armor
32:59 Padded Archer Armor
32:50 Fletching
33:07 Halberdier
34:26 Iron Casting
34:55 Chemistry
34:20 Siege Engineers
35:53 Plate Mail Armor
35:45 Chain Barding Armor
36:06 Crop Rotation
36:44 Two-Man Saw
36:50 Arquebus
38:01 Elite Organ Gun
38:48 Husbandry
38:58 Bloodlines
38:09 Light Cavalry
41:15 Onager
67:20 Cavalier
68:15 Circumnavigation
68:36 Conscription
69:37 Bombard Tower
69:08 Guard Tower
serhatdogansurucu
11:54 Feudal Age
12:20 Double-Bit Axe
12:17 Horse Collar
13:22 Wheelbarrow
17:31 Town Watch
19:48 Castle Age
18:22 Man-at-Arms
18:55 Fletching
19:16 Padded Archer Armor
21:02 Bow Saw
20:54 Heavy Plow
22:23 Hand Cart
25:08 Chemistry
28:19 Town Patrol
28:06 Loom
33:41 Imperial Age
32:22 Elite Skirmisher
34:25 Long Swordsman
34:25 Pikeman
35:06 Squires
34:52 Arson
35:21 Forging
35:11 Scale Mail Armor
35:26 Leather Archer Armor
35:06 Bodkin Arrow
35:17 Scale Barding Armor
34:43 Elite Hussite Wagon
34:48 Crossbowman
35:29 Two-Handed Swordsman
35:29 Halberdier
38:18 Wagenburg Tactics
37:44 Sappers
39:52 Iron Casting
39:32 Chain Mail Armor
39:17 Bracer
39:47 Ring Archer Armor
39:38 Chain Barding Armor
42:08 Two-Man Saw
43:28 Cavalier
44:08 Husbandry
43:30 Light Cavalry
43:35 Champion
46:27 Capped Ram
46:44 Houfnice
49:40 Blast Furnace
49:10 Plate Mail Armor
49:10 Ring Archer Armor
49:05 Ballistics
48:50 Siphons
60:29 Chain Barding Armor
64:46 Masonry
64:42 Siege Engineers
64:33 Murder Holes
Connection lost

Rejoining the realm…

Still unreachable

The connection could not be restored.

Session expired

The server has moved on; the page needs a fresh start.